[Event "Marshall CC FIDE Premier February 2024"]
[Site "New York"]
[Date "2024.02.04"]
[Round "4.2"]
[White "Hughes, John L"]
[Black "Hebbar, Eshaan"]
[Result "1/2-1/2"]
[ECO "C28"]
[WhiteElo "2167"]
[BlackElo "2018"]
[Annotator "TA"]
[PlyCount "89"]
[EventDate "2024.02.02"]
[EventType "swiss"]
[EventCountry "USA"]
[SourceTitle "playchess.com"]
[Source "ChessBase"]
[SourceQuality "1"]
[TimeControl "5400+30"]

1. e4 e5 2. Nc3 Nc6 3. Bc4 Nf6 4. d3 Bc5 5. Bg5 h6 6. Bh4 g5 7. Bg3 d6 8. Na4 Bb6 9. Nxb6 {[%emt 0:01:16] White is slightly better.} axb6 10. h4 {[%emt 0:00:12] Hoping for hxg5.} g4 (10... Ke7 {looks sharper.} 11. Nf3 Bg4 12. c3 Qg8) 11. a4 Nh5 12. Ne2 Be6 13. Bb5 O-O 14. d4 Nxg3 (14... exd4 $15 15. O-O (15. Nxd4 Qf6 $11) 15... Qf6 (15... Nxg3 16. fxg3 Bd7 17. Qd2 $16)) 15. fxg3 $11 {[%emt 0:00:24] Black must now prevent d5.} exd4 16. Bxc6 (16. Nxd4 Qf6 17. Nxe6 (17. Bxc6 bxc6 18. Rf1 Qe5 $17) 17... fxe6 18. Qxg4+ Kh7 $17) (16. O-O $14) 16... bxc6 17. Nf4 Qf6 18. O-O Qe5 {[%emt 0:00:13] Prevents Nd5.} 19. Nxe6 Qxe6 20. Qxd4 Rfe8 (20... Ra5 $11) 21. Rf4 $16 Ra5 22. Raf1 Re7 23. Kh2 c5 (23... h5 {might work better.} 24. Qd2 Re5) 24. Qd2 $18 Rxa4 $2 (24... c4 {is a better chance.} 25. Rf6 Qxe4) 25. Rf6 Qxe4 26. Qxh6 (26. R6f4 Qc6 27. Rf5 (27. Rf6 Kf8 $18)) 26... Qh7 {[%emt 0:10:02] [#]} (26... Qe3 27. Rg6+ fxg6 28. Rf8#) 27. Qg5+ {[%emt 0:00:41][%mdl 1024] White has strong compensation.} Qg7 28. Qf5 {[%emt 0:00:45] Strongly threatening Qc8+.} Rae4 {[%emt 0:01:28] [#]} 29. Qd5 (29. Qc8+ $1 $18 Kh7 30. R6f5) 29... R4e5 $16 30. Qb7 {[%emt 0:00:29] White is more active.} Kh7 31. R1f4 d5 ({Black should try} 31... R5e6 $1 $14 32. R6f5 (32. Rxe6 fxe6 33. c4 Qg8 $14) 32... Re5) 32. Qc8 $18 d4 (32... c4 $142 33. c3 (33. Qxg4 Qxg4 34. Rxg4 Rd7 $15) 33... b5) 33. R6f5 (33. b3 $1 $18) 33... Rxf5 $16 34. Qxf5+ {[%emt 0:00:12][%mdl 4096] Endgame. KQR-KQR} ({White should play} 34. Rxf5 $16 {Rh5+ would kill now.} Re5 35. Rf4) 34... Qg6 $11 {[%emt 0:00:15] And now ...Qxf5 would win. The position is equal.} 35. Qd5 Kg7 (35... Qxc2 $2 36. Rxg4 $18) 36. Qd8 (36. b4 $5 c6 $8 (36... cxb4 $2 {loses.} 37. Qxd4+ Kh7 38. Rxg4 $18) (36... Qxc2 $2 {too greedy.} 37. Rxg4+ Kf6 38. Qc6+ Re6 39. Qxc7 $18) 37. Qd8 $11) 36... Re4 {[%emt 0:00:20] Threatens to win with ...Rxf4.} 37. Qxc7 Rxf4 38. gxf4 Qxc2 {[%emt 0:00:21] KQ-KQ} 39. Qe5+ Kg8 40. Qe8+ Kg7 41. Qe5+ Kh7 42. Qh5+ Kg8 43. Qxg4+ Qg6 44. Qc8+ Kg7 {[%emt 0:00:30] aiming for ...d3.} 45. Qd7 {Weighted Error Value: White=0.27 (precise) /Black=0.34.  Mistake:       	White=5     	Black=6      Inaccurate:     	White=4     	Black=4      OK:         	White=18    	Black=10     Best:        	White=4     	Black=5} 1/2-1/2

[Event "Marshall CC FIDE Premier February 2024"]
[Site "New York"]
[Date "2024.02.04"]
[Round "4.3"]
[White "Lin, Bryan Enming"]
[Black "Jiang, Jason"]
[Result "1-0"]
[ECO "B76"]
[WhiteElo "2102"]
[BlackElo "1864"]
[Annotator "TA"]
[PlyCount "69"]
[EventDate "2024.02.02"]
[EventType "swiss"]
[EventCountry "USA"]
[SourceTitle "playchess.com"]
[Source "ChessBase"]
[SourceQuality "1"]
[TimeControl "5400+30"]

1. e4 c5 2. Nf3 d6 3. d4 cxd4 4. Nxd4 Nf6 5. Nc3 g6 6. Be3 Bg7 7. f3 O-O 8. Qd2 Nc6 9. O-O-O d5 10. Qe1 e5 11. Nxc6 bxc6 12. exd5 Nxd5 13. Bc4 Be6 14. Kb1 Qc7 15. Nxd5 (15. Bxd5 {with more complications.} cxd5 16. Nxd5 Qb7 17. Qa5) 15... cxd5 16. Bxd5 {[%emt 0:00:15] White is slightly better.} Bxd5 ({Better is} 16... Rac8 $14) 17. Rxd5 $16 Qb7 18. Rd3 {[%emt 0:01:32] White is more active.} e4 19. Rb3 Qc6 20. fxe4 Rac8 21. Qd2 (21. Bxa7 $2 Qxc2+ 22. Ka1 Qxg2 $19) 21... a5 22. Rd3 (22. Qxa5 $2 Qxc2+ (22... Qxe4 23. Qd2 $16) 23. Ka1 Rfd8 $19 (23... Qxe4 24. Re1 $17) (23... Qxg2 24. Re1 $17) (23... Qxe4 24. Re1 $17) (23... Qxg2 24. Rd1 $17)) 22... Qxe4 23. Rc1 ({Not} 23. Qxa5 Rxc2 (23... Qxg2 24. Rc1 $11) 24. Kxc2 Qxg2+ 25. Qd2 Qxh1 $17) 23... Qe5 ({Black should play} 23... a4) 24. Bd4 Qc7 25. Bxg7 Kxg7 26. c4 Rfd8 (26... a4 $16 27. c5 Rfd8 28. Rxd8 Qxd8 29. Qxd8 Rxd8) 27. g3 Rxd3 28. Qxd3 {[%emt 0:00:09][%mdl 4096] Endgame. KQR-KQR} Qc5 29. b3 (29. a4 $142) 29... Rc6 (29... a4 $16) 30. Qc3+ f6 31. Rd1 Re6 32. Rd7+ Kh6 33. Rd5 Qg1+ {[%emt 0:00:58] [#]} (33... Qf2 {might work better.} 34. Qd2+ (34. Rxa5 $2 {loses.} Re1+ $19) 34... Qxd2 35. Rxd2 g5) 34. Qc1+ $18 Qxc1+ 35. Kxc1 {[%emt 0:00:02] Weighted Error Value: White=0.12 (very precise) /Black=0.30.  Mistake:       	White=1     	Black=5      Inaccurate:     	White=2     	Black=1      OK:         	White=8     	Black=7      Best:        	White=2     	---} 1-0

[Event "Marshall CC FIDE Premier February 2024"]
[Site "New York"]
[Date "2024.02.04"]
[Round "4.4"]
[White "Mottola, Max"]
[Black "Zeltsan, Joseph"]
[Result "0-1"]
[ECO "D02"]
[WhiteElo "1977"]
[BlackElo "2439"]
[Annotator "TA"]
[PlyCount "100"]
[EventDate "2024.02.02"]
[EventType "swiss"]
[EventCountry "USA"]
[SourceTitle "playchess.com"]
[Source "ChessBase"]
[SourceQuality "1"]
[TimeControl "5400+30"]

1. d4 Nf6 2. Bf4 d5 3. Nf3 c5 4. e3 Nc6 5. Nbd2 Bg4 6. c3 e6 7. Qb3 Qc8 8. Nh4 cxd4 9. exd4 {[%emt 0:00:35] White is slightly better.} Qd7 10. h3 Bh5 11. g4 Bg6 12. Nxg6 hxg6 13. Be2 Bd6 14. Bxd6 Qxd6 15. Qxb7 (15. Qc2 $11 {keeps the balance.}) 15... Rb8 $17 16. Qa6 Rxb2 17. Bb5 $2 {[%emt 0:06:38] [#] White does not recover from this.} (17. g5 $17 Nh7 18. Nb3 (18. Bb5 $2 O-O $19)) 17... O-O $1 $19 18. O-O-O {[%emt 0:36:48] [#]} ({But not} 18. Qxc6 Qf4 19. O-O-O Rxa2 $19) 18... Rxb5 19. Qxb5 {[%emt 0:00:07] [#]} Nxd4 $1 20. cxd4 {[%emt 0:07:34] And now Qd3 would win.} (20. Qa5 Ne2+) 20... Rc8+ 21. Kb2 {[%emt 0:02:38] Threatens to win with Qd3.} Rb8 22. Qb3 Rxb3+ 23. Nxb3 Ne4 24. Rc1 Nxf2 25. Rc8+ Kh7 26. Rf1 Qa6 (26... Nxh3 $2 27. Rc3 Qh2+ 28. Rc2 $19) 27. Rxf2 Qxc8 28. Rxf7 {[%emt 0:00:16][%mdl 4096] Endgame. KQ-KRN} Qb8 29. Rf3 a5 30. Kc2 Qb4 31. Rd3 Qe1 32. Nd2 Qa1 33. a3 Qe1 34. Nf3 Qe2+ 35. Nd2 Kh6 36. Rf3 Kg5 37. Kc1 Qe1+ 38. Kc2 Qg1 39. Rd3 {[%emt 0:02:44] Intending Nf3+ and mate.} Qa1 40. Re3 Kf6 (40... Qxd4 $2 {too greedy.} 41. Nf3+ (41. Rxe6 $2 Kh6 $19) 41... Kf4 42. Nxd4 $18) 41. Nf3 Qa2+ 42. Kd1 Qf2 43. Rd3 Qf1+ 44. Ne1 (44. Kc2 $142) 44... Kg5 {[%emt 0:04:34] Black is clearly winning.} 45. Rf3 (45. Kd2 $142) 45... Qg1 46. Rd3 Kf4 47. Kd2 Qf2+ 48. Kd1 Ke4 {[%emt 0:00:05][%cal Of2e1] ...Qxe1+! is the strong threat.} 49. Rd2 Qf1 50. h4 Ke3 {[%emt 0:02:26] Weighted Error Value: White=0.30/Black=0.10 (very precise) .  Loses game:     	White=1     	---        Mistake:       	White=3     	---        Inaccurate:     	White=2     	Black=1      OK:         	White=14    	Black=25     Best:        	White=5     	Black=3      Strong:       	---       	Black=1      Brilliant:      	---       	Black=1} 0-1

[Event "Marshall CC FIDE Premier February 2024"]
[Site "New York"]
[Date "2024.02.04"]
[Round "4.5"]
[White "Knowles, Chase"]
[Black "Pressman, Leif"]
[Result "0-1"]
[ECO "A09"]
[WhiteElo "1941"]
[BlackElo "2258"]
[Annotator "TA"]
[PlyCount "62"]
[EventDate "2024.02.02"]
[EventType "swiss"]
[EventCountry "USA"]
[SourceTitle "playchess.com"]
[Source "ChessBase"]
[SourceQuality "1"]
[TimeControl "5400+30"]

1. Nf3 d5 2. c4 d4 3. b4 c5 4. Bb2 Nf6 5. e3 dxe3 6. fxe3 cxb4 7. d4 Bg4 8. Be2 {[%emt 0:04:17] The position is equal.} e6 9. O-O Nbd7 10. Nbd2 Bd6 {[%emt 0:02:21] [#]} (10... Qc7 $11) 11. Qe1 (11. e4 $1 $16 ) 11... Qe7 12. c5 Bc7 13. Nc4 O-O 14. a3 a5 15. axb4 axb4 16. Bd3 (16. Qxb4 $11 {keeps the balance.} b6 17. Rxa8 Rxa8 18. Ba3) 16... Rfd8 ({Black should play} 16... Rxa1 $17 17. Bxa1 Bxf3 18. Rxf3 b6 19. Qxb4 (19. c6 $2 Nb8 $19) 19... bxc5) 17. Qh4 $15 {[%emt 0:01:20][%cal Od3h7] And now Bxh7+! would win.} (17. Qxb4 Rxa1 18. Rxa1 b6 $17 (18... Nxc5 19. Nfe5 $18)) 17... Bf5 18. e4 {[%emt 0:07:25] Strongly threatening Rxa8.} Rxa1 19. Bxa1 Bg6 20. Nd6 {[%emt 0:06:12] [#] This move loses the game for White.} b6 $1 $19 ({Worse is} 20... Bxd6 21. cxd6 Qf8 (21... Qxd6 22. e5 $14) 22. Ne5 (22. Qf4 Ne8 $17) 22... Nxe5 (22... Qxd6 23. Nxg6 hxg6 24. e5 $16) 23. dxe5 $14) 21. Bb5 (21. Ne5 $142 bxc5 22. Ndxf7 cxd4 (22... Bxf7 $2 23. Nc6 $19) 23. Nxg6 Qxf7 24. e5 hxg6 (24... Nxe5 25. Nxe5 Bxe5 26. Bxh7+ Kf8 27. Bd3 $19) 25. exf6 gxf6 (25... Nxf6 26. Qh3 $17) 26. Bxd4) 21... bxc5 22. Bxd7 $2 (22. dxc5 Nxc5 23. e5) 22... Rxd7 23. dxc5 {[%emt 0:01:30] [#]} Nxe4 $1 24. Qxe7 Rxe7 25. Nb5 Nxc5 {[%emt 0:00:50] White must now prevent ...Bd3.} 26. Rc1 (26. Nxc7 {might work better.} Rxc7 27. Rc1) 26... Nb3 {[%emt 0:00:40] Black is clearly winning.} 27. Rd1 Bb6+ 28. Bd4 Nxd4 29. Nfxd4 e5 30. Rc1 Re8 31. Nd6 Bxd4+ {[%emt 0:10:31] Weighted Error Value: White=1.19/Black=0.27 (precise) .  Mistake:       	White=6     	Black=2      Inaccurate:     	White=3     	Black=3      OK:         	White=6     	Black=9      Best:        	---       	Black=1      Strong:       	---       	Black=1      Brilliant:      	---       	Black=1} 0-1

[Event "Marshall CC FIDE Premier February 2024"]
[Site "New York"]
[Date "2024.02.05"]
[Round "5.1"]
[White "Zeltsan, Joseph"]
[Black "Bortnyk, Mykola"]
[Result "1/2-1/2"]
[ECO "C41"]
[WhiteElo "2439"]
[BlackElo "2421"]
[Annotator "TA"]
[PlyCount "84"]
[EventDate "2024.02.02"]
[EventType "swiss"]
[EventCountry "USA"]
[SourceTitle "playchess.com"]
[Source "ChessBase"]
[SourceQuality "1"]
[TimeControl "5400+30"]

1. e4 e5 2. Nf3 d6 3. d4 exd4 4. Nxd4 Nf6 5. Nc3 Be7 6. Bf4 O-O 7. Qd2 Nc6 8. O-O-O Nxd4 9. Qxd4 Be6 10. Kb1 a6 11. f3 b5 12. Nd5 Bxd5 13. exd5 Nd7 {White is slightly better.} 14. Qd2 Ne5 15. Be2 Bf6 {[#]} (15... Re8 $11) 16. Bxe5 (16. g4 $1 $16) 16... dxe5 $11 {Black is weak on the light squares} 17. Bd3 g6 18. Be4 Bg5 19. Qe1 f5 20. Bd3 Qd6 (20... Qxd5 $2 21. Be4 Qc5 22. Bxa8 Rxa8 23. g4 $18) 21. g4 fxg4 (21... Qxd5 $2 22. h4 (22. Be4 Qxd1+ 23. Qxd1 fxe4 $18) 22... Bf4 23. Be4 $18) 22. fxg4 Rf4 23. h4 Bf6 24. Be4 ({Much worse is} 24. h5 e4 25. Be2 (25. Bxe4 $2 Qe5 $19) 25... g5 $15) 24... Rxg4 25. h5 {hxg6 is the strong threat.} g5 26. h6 Rf4 27. Rh2 Rf8 28. c4 Be7 29. Rc2 Qb4 ({Reject} 29... Qxh6 30. cxb5 axb5 31. Rxc7 $11) (29... bxc4 $17 30. Rxc4 Qd7) 30. Qe2 bxc4 31. Rxc4 Qb6 {[%cal Of4f2] [#] Hoping for ...Rf2!} 32. Rc6 Rf2 $36 {[%mdl 2048] Black is pushing.} 33. Bxh7+ (33. Qxa6 $2 Qxb2#) 33... Kh8 $1 34. Rxb6 Rxe2 35. Re6 (35. Rxa6 $2 {loses.} Kxh7 36. Ra7 Bd6 $19 (36... Kxh6 $2 37. Rxc7 Bd8 38. Rc6+ Kg7 39. Rc2 $19)) (35. Bd3 $11 {remains equal.} cxb6 36. Bxe2) 35... Kxh7 $17 36. Rxe7+ Kxh6 37. Rxc7 {[%mdl 4096] Endgame. KRR-KRR} Rff2 {[%cal Og5g4] And now ...g4! would win.} 38. Rb7 Rd2 (38... g4 $142 {...g3 would now be deadly.} 39. d6 Rd2 40. Rh1+ Kg6) 39. Kc1 Rc2+ 40. Kb1 Rcd2 ({Better is} 40... e4 $15 41. d6 Rcd2 42. Rxd2 Rxd2) 41. Kc1 $1 $11 Rc2+ 42. Kb1 Rcd2 {Weighted Error Value: White=0.15 (very precise) /Black=0.13 (very precise) .  Mistake:       	White=2     	Black=4      Inaccurate:     	White=6     	Black=2      OK:         	White=8     	Black=14     Best:        	White=3     	Black=5      Strong:       	White=1     	Black=1} 1/2-1/2

[Event "Marshall CC FIDE Premier February 2024"]
[Site "New York"]
[Date "2024.02.05"]
[Round "5.2"]
[White "Hebbar, Eshaan"]
[Black "Pressman, Leif"]
[Result "1/2-1/2"]
[ECO "D46"]
[WhiteElo "2018"]
[BlackElo "2258"]
[Annotator "TA"]
[PlyCount "115"]
[EventDate "2024.02.02"]
[EventType "swiss"]
[EventCountry "USA"]
[SourceTitle "playchess.com"]
[Source "ChessBase"]
[SourceQuality "1"]
[TimeControl "5400+30"]

1. d4 d5 2. c4 e6 3. Nc3 c6 4. Nf3 Nf6 5. e3 Nbd7 6. Qc2 Bd6 7. Bd3 O-O 8. O-O dxc4 9. Bxc4 b5 10. Bd3 Bb7 11. e4 e5 12. dxe5 Nxe5 13. Nxe5 Bxe5 14. h3 Re8 15. Be3 Bd4 16. Bxd4 Qxd4 17. Rad1 Qc5 18. Rfe1 h6 19. a3 a5 20. Qd2 Kh8 21. Qf4 Qe5 (21... Re7 $14) 22. Qxe5 $16 Rxe5 23. f4 Re7 24. e5 Nh5 {[%emt 0:04:16] [#]} 25. Ne2 (25. Rf1 $142 $1 {g4 would now be deadly.} g6 26. g4) 25... g5 $16 26. fxg5 hxg5 27. Nd4 Rae8 28. Nf3 Kg7 29. Be4 Ng3 30. Bb1 (30. Nxg5 $2 Rxe5 31. Nxf7 Kxf7 $19 (31... Rxe4 $2 32. Rxe4 Nxe4 33. Nd6 $19)) 30... c5 31. Kf2 Nh5 (31... Bxf3 $14 32. Kxf3 Nh5) 32. Be4 ({Better is} 32. Nxg5 $16 Nf4 (32... Rxe5 33. Rxe5 Rxe5 34. Nxf7 $16) 33. Nf3) 32... Nf4 $11 33. Bxb7 (33. Nxg5 Rxe5 (33... Bxe4 34. Rxe4 Ng6 35. e6 $14) 34. g3 (34. Bxb7 Rxe1 35. Rd6 R8e2+ 36. Kg3 Ne6 $19) 34... Nxh3+ (34... Bxe4 35. gxf4 R5e7 36. h4 $11) 35. Nxh3 Bxe4 $17 (35... Rxe4 36. Rxe4 Bxe4 37. Nf4 $17)) 33... Rxb7 34. Nxg5 c4 35. Re4 Nd3+ 36. Ke3 (36. Kg3 $15) 36... Nxb2 $17 37. Rf1 c3 38. e6 $2 (38. Nf3 {was called for.}) 38... Nc4+ $2 (38... f6 $19 39. Nf3 f5) 39. Kd3 $15 f6 (39... Nxa3 $2 40. exf7 (40. Nxf7 Rxe6 41. Rxe6 Rxf7 $18) 40... Rd7+ 41. Rd4 (41. Kxc3 Rc8+ 42. Kb2 Rd2+ 43. Kb3 Rd3+ 44. Ka2 Rd2+ 45. Ka1 Nc2+ 46. Kb1 Na3+ 47. Ka1 Nc2+ 48. Kb1 Na3+ 49. Ka1 $11) 41... Rxd4+ 42. Kxd4 Nc2+ (42... Rd8+ $2 43. Kxc3 Rc8+ 44. Kb3 $18) 43. Kxc3 Rc8+ 44. Kd3 $18) 40. Nf3 $1 Rc7 41. Nd4 (41. Kxc3 $2 Ne3+ (41... Nxa3+ 42. Kb2 $11) 42. Kd3 Nxf1 $19) 41... Ne5+ 42. Kc2 b4 43. g4 Nc4 44. Nf5+ Kh7 (44... Kg6 $5 45. Rxc4 Rxc4 $11) 45. Rxc4 $1 Rxc4 46. Nd6 Rcc8 $1 ({Don't blunder} 46... Rec8 $2 47. g5 (47. Rxf6 $2 b3+ 48. Kc1 b2+ 49. Kc2 Rb8 $19) 47... R4c6 (47... b3+ $2 48. Kxb3 c2 49. Nxc4 $18) 48. Nxc8 $16) 47. axb4 ({Of course not} 47. Rxf6 b3+ 48. Kxb3 c2 $17) (47. Nxe8 {is more complex.} Rxe8 48. Rxf6 Kg7 49. g5) 47... axb4 48. Nxe8 Rxe8 49. Rxf6 Kg7 50. g5 (50. Rf4 {simplifies} Rxe6 51. Rxb4 Rh6 52. Rb7+) 50... Rc8 51. e7 Re8 52. Re6 Kf7 53. Re4 Rxe7 54. Rxb4 Re2+ 55. Kc1 ({White should try} 55. Kb3 $1 $14) 55... Re1+ ({Black should play} 55... Kg6 $11) 56. Kc2 $14 Re2+ $1 57. Kc1 ({Don't play} 57. Kxc3 Re3+ 58. Kc2 Rxh3 $11) (57. Kb3 $1 $14) 57... Re1+ $11 58. Kc2 1/2-1/2

[Event "Marshall CC FIDE Premier February 2024"]
[Site "New York"]
[Date "2024.02.05"]
[Round "5.3"]
[White "Hughes, John L"]
[Black "Lin, Bryan Enming"]
[Result "1-0"]
[ECO "C45"]
[WhiteElo "2167"]
[BlackElo "2102"]
[Annotator "TA"]
[PlyCount "143"]
[EventDate "2024.02.02"]
[EventType "swiss"]
[EventCountry "USA"]
[SourceTitle "playchess.com"]
[Source "ChessBase"]
[SourceQuality "1"]
[TimeControl "5400+30"]

1. e4 e5 2. Nf3 Nc6 3. d4 exd4 4. Nxd4 Bb4+ 5. c3 Bc5 6. Be3 Bb6 7. Nf5 d5 {[%emt 0:00:09] C45: Scotch Game.} 8. Nxg7+ Kf8 9. Bxb6 axb6 10. exd5 Ne5 11. Nh5 Bg4 12. Be2 Qh4 $146 ({Predecessor:} 12... Qg5 13. f4 Qxh5 14. fxe5 Qxe5 15. Kf2 Nf6 16. Bxg4 Qf4+ 17. Bf3 Ng4+ 18. Ke1 Re8+ {0-1 Zakaryan,D (2318)-Moiseenko,V (2549) Sochi Lobanov Memorial 2021 (7)}) 13. Ng3 Bxe2 14. Nxe2 Ng4 15. g3 Qh5 16. h4 N8f6 17. O-O Nxd5 18. c4 Ndf6 19. Nbc3 Rg8 20. Nd5 Qe5 21. Qd4 Qxd4 22. Nxd4 Nxd5 23. cxd5 Ra5 24. d6 cxd6 25. Rfc1 Rd5 26. Nf3 Rd3 (26... Rg6 $14) 27. Kg2 $16 Rg6 28. Rd1 Rxd1 29. Rxd1 Ke7 30. Nd4 Rf6 31. Re1+ Kd7 32. f3 Ne5 33. Re3 Nc4 34. Re2 Ne5 35. b3 Nc6 36. Nb5 Rf5 37. Nc3 Nd4 38. Re3 (38. Rf2 $16) 38... Rc5 {[%emt 0:00:39] [#]} (38... Nc2 $11 {keeps the balance.} 39. Re2 Nb4) 39. Ne4 $1 $16 Rc2+ 40. Kh3 Kc6 (40... d5 $16) 41. Rd3 $18 Nf5 42. g4 d5 43. Nf6 Ne7 44. Nxh7 Kd6 (44... Ng6 {was worth a try.} 45. Kg3 Rxa2) 45. h5 Nc6 $2 (45... Rxa2 46. g5 Kc5) 46. Nf6 $18 Ne5 47. Rd1 Nxf3 48. Nxd5 Ke5 49. Kg3 (49. Nxb6 Ng5+ 50. Kh4 f6 $11) (49. Rf1 $142 Kxd5 50. Rxf3) 49... Nd4 (49... Ng5 $142 50. Nb4 (50. Nxb6 Rc3+ 51. Kf2 Ne4+ 52. Ke2 f5 $18) 50... Rc3+ 51. Rd3 Rc5 (51... Rxd3+ 52. Nxd3+ Kf6 53. Nf2 $18)) 50. Nb4 Re2 $2 (50... Rc3+ 51. Kg2 Rc8 52. Nd3+ Ke6 53. Nf4+ Ke5 54. Nd3+ Kf6 55. Rf1+ Kg7) 51. Re1 Rxe1 52. Nd3+ Kf6 53. Nxe1 Ne2+ 54. Kh4 Nc1 $2 (54... Nd4 {might work better.} 55. Nd3 Kg7) 55. Nf3 Nd3 (55... Kg7 $142 56. g5 Nxa2 57. h6+ Kg8) 56. Nd4 Nc1 57. a4 Nd3 58. g5+ Kg7 59. Nf5+ Kg8 60. Kg4 Nc5 61. Nd4 Kg7 62. Kf5 Nd3 63. h6+ Kg8 64. Kf6 Nf2 65. h7+ Kxh7 66. Kxf7 Ne4 67. g6+ Kh6 68. Nf5+ Kg5 69. g7 Nf6 70. Ne3 (70. g8=R+ Nxg8 71. Nd6 Nf6 $18) 70... b5 71. axb5 b6 72. b4 1-0